 Dungeon Crawl Stone Soup version 0.28-a0-1545-g945cd3f27e (webtiles) character file.

Game seed: 11281461666398075845

35 BritishOli the Digger (level 3, -1/26 HPs)
             Began as a Demonspawn Wanderer on Jan 18, 2022.
             Slain by Terence (4 damage)
             ... on level 2 of the Dungeon.
             The game lasted 00:01:41 (1226 turns).

BritishOli the Digger (Demonspawn Wanderer)         Turns: 1226, Time: 00:01:41

Health: -1/26      AC:  8    Str: 14    XL:     3   Next: 16%
Magic:  4/4        EV:  9    Int: 10    God:
Gold:   55         SH:  0    Dex: 15    Spells: 3/4 levels left

rFire   . . .      SeeInvis .   k - +0 falchion (vorpal)
rCold   . . .      Faith    .   (no shield)
rNeg    . . .      Spirit   .   g - +0 scale mail
rPois   .          Reflect  .   d - +2 hat
rElec   .          Harm     .   (no cloak)
rCorr   .          Rampage  .   (no gloves)
Will    .....                   (no boots)
Stlth   ..........              (no amulet)
HPRegen 0.08/turn               (no ring)
MPRegen 0.09/turn               (no ring)

@: no status effects
A: hooves 1
a: no special abilities


You were on level 2 of the Dungeon.
You visited 1 branch of the dungeon, and saw 2 of its levels.

You collected 55 gold pieces.

Inventory:

Hand Weapons
 k - a +0 vorpal falchion (weapon)
Missiles
 i - 8 stones (quivered)
Armour
 d - a +2 hat (worn)
 g - a +0 scale mail (worn)
Scrolls
 b - a scroll of vulnerability {unknown}
 c - a scroll of holy word {unknown}
 e - a scroll of acquirement {unknown}
 h - a scroll of teleportation {unknown}
 j - a scroll of noise {unknown}
Potions
 f - a potion of flight {unknown}


   Skills:
 + Level 1.5 Fighting
 * Level 1.9 Long Blades
 + Level 1.4 Throwing
 + Level 2.1 Armour
 - Level 1.0 Spellcasting
 - Level 3.6 Earth Magic


You had 3 spell levels left.
You knew the following spells:

 Your Spells              Type           Power      Damage    Failure   Level
a - Sandblast             Erth           14%        2d6       32%         1

Your spell library contained the following spells:

 Spells                   Type           Power      Damage    Failure   Level
 Passwall                 Tmut/Erth      3%         N/A       71%         2
 Leda's Liquefaction      Hex/Erth       2%         N/A       100%        4


Dungeon Overview and Level Annotations

Branches:
Dungeon (2/15)

Altars:

Annotations:
D:2 Terence


Innate Abilities, Weirdness & Mutations

You have large cloven feet.


Message History

There are monsters nearby!
There are monsters nearby!
You slash the frilled lizard!
You kill the frilled lizard!
Terence barely misses you.
Terence is nearby!
You closely miss Terence. Terence closely misses you.
Terence is nearby!
You hit Terence.
Terence is lightly wounded.
Terence closely misses you.
You hit Terence. You kick Terence, but do no damage.
Terence is moderately wounded.
Terence hits you with a +0 flail!
Terence is nearby!
You hit Terence. Your kick misses Terence.
Terence is heavily wounded.
Terence hits you with a +0 flail! Terence hits you but does no damage.
Terence is nearby!
Terence is nearby!
You are too injured to fight recklessly!
You closely miss Terence. Your kick misses Terence.
Terence is heavily wounded.
Terence closely misses you.
You hit Terence but do no damage. You kick Terence, but do no damage.
Terence is heavily wounded.
Terence barely misses you.
You hit Terence but do no damage. Your kick misses Terence.
Terence is heavily wounded.
Terence hits you but does no damage.
You hit Terence.
Terence is heavily wounded.
Terence hits you with a +0 flail.
* * * LOW HITPOINT WARNING * * *
You barely miss Terence. You kick Terence, but do no damage.
Terence is heavily wounded.
Terence hits you with a +0 flail.
* * * LOW HITPOINT WARNING * * *
Terence hits you with a +0 flail.
You die...

#### # #. # #. #
.. #### #. # ##..
##.#####.# ##.#
........# ##.#
#†.@..# ##.####
#@# ......# #.#
.#.##.# #.#
......# #.#
...##.# ######.#
.####.## #......#
.......####.######
####........#
#...######


You could see Terence.

Vanquished Creatures
  An adder skeleton (D:2)
  A dart slug (D:1)
  4 endoplasms
  3 giant cockroaches
  A goblin (D:1)
  4 hobgoblins (D:1)
  2 jackals (D:1)
  2 quokkas (D:1)
  3 frilled lizards
  4 kobolds (D:1)
  A rat (D:1)
26 creatures vanquished.

Notes
Turn   | Place    | Note
-------+----------+-------------------------------------------
     0 | D:1      | BritishOli the Demonspawn Wanderer began the quest for the
                  | Orb.
     0 | D:1      | BritishOli set off with the following items: a +0 falchion,
                  | 15 poisoned darts, a +0 dagger, 30 stones, a +0 leather
                  | armour; and the following spell memorised: Sandblast; and
                  | the following spells available to memorise: Passwall,
                  | Leda's Liquefaction
     0 | D:1      | Reached XP level 1. HP: 15/15 MP: 2/2
   400 | D:1      | Gained mutation: You have large cloven feet. [demonic
                  | ancestry]
   400 | D:1      | Reached XP level 2. HP: 21/21 MP: 3/3
   899 | D:1      | Reached XP level 3. HP: 25/26 MP: 4/4
  1216 | D:2      | Noticed Terence
  1226 | D:2      | Slain by Terence

Illustrated notes

Levels and vault maps discovered:
D:1:      eino_arrival_cavern_c, layout_loops_ring,
          chequers_serial_rivers_small_a, minmay_misc_feat_encased
D:2:      layout_loops_cross, uniq_terence, uniq_jessica

Skill      XL: |  1  2 |
---------------+-------+-----
Armour         | 2 |  2.1
Fighting       | |  1.5
Long Blades    | |  1.9
Throwing       | |  1.4
Spellcasting   | |  1.0
Earth Magic    | |  3.6

Action                   || total
-------------------------++-------
Melee: Falchion          ||    77
       Kick              ||    16
Armor: Scale mail        ||    34
Dodge: Dodged            ||    31

Table legend: (Time is in decaauts)
 A = Elapsed time spent in this place.
 B = Non-inter-level travel time spent in this place.
 C = Inter-level travel time spent in this place.
 D = Time resting spent in this place.
 E = Time spent auto-exploring this place.
 F = Levels seen in this place.
 G = Mean time per level.
                   A        B        C        D        E       F      G
               +--------+--------+--------+--------+--------+-----+--------+
         Total |   1244 |   1173 |     71 |      0 |    951 |   2 |  622.0 |
       Dungeon |   1244 |   1173 |     71 |      0 |    951 |   2 |  622.0 |
               +--------+--------+--------+--------+--------+-----+--------+

Top non-repeatable levels by time:
     D:1: 1061 daAuts
     D:2: 182 daAuts
